 Dungeon Crawl Stone Soup version 0.21.1-1-g345015fe64 (webtiles) character file.

274 Oravi the Cutter (level 6, -3/42 HPs)
             Began as a Halfling Fighter on Mar 27, 2018.
             Slain by BrokenGlass's ghost (20 damage)
             ... on level 3 of the Dungeon.
             The game lasted 00:08:14 (1818 turns).

Oravi the Cutter (Halfling Fighter)                 Turns: 1818, Time: 00:08:15

Health: -3/42      AC:  7    Str: 24    XL:     6   Next: 49%
Magic:  6/6        EV:  9    Int:  6    God:
Gold:   155        SH: 10    Dex: 14    Spells: 5/5 levels left

rFire    . . .     SeeInvis .   a - +0 rapier
rCold    . . .     Gourm    .   c - +0 shield
rNeg     . . .     Faith    .   g - +0 scale mail
rPois    .         Spirit   .   (no helmet)
rElec    .         Reflect  .   (no cloak)
rCorr    .         Harm     .   (no gloves)
MR       .....                  (no boots)
Stlth    ..........             (no amulet)
HPRegen  0.14/turn              (no ring)
MPRegen  0.10/turn              (no ring)

@: mighty
A: small, mutation resistance 1
a: no special abilities


You were on level 3 of the Dungeon.
You were not hungry.

You visited 1 branch of the dungeon, and saw 3 of its levels.

You collected 155 gold pieces.

Inventory:

Hand Weapons
 a - a +0 rapier (weapon)
 b - a +0 hunting sling
Missiles
 h - 22 stones (quivered)
Armour
 c - a +0 shield (worn)
 g - a +0 scale mail (worn)
Jewellery
 k - a cursed ring of loudness {unknown}
Scrolls
 e - 8 scrolls of identify {unknown}
 l - a scroll of magic mapping {unknown}
 m - a scroll of blinking {unknown}
 n - 2 scrolls of noise {unknown}
 o - a scroll of teleportation {unknown}
Potions
 i - a potion of brilliance {unknown}
 j - a potion of curing
 p - 2 potions of lignification
 q - a potion of invisibility
Comestibles
 f - 9 rations


   Skills:
 + Level 3.2 Fighting
 * Level 6.1 Short Blades
 + Level 4.0 Armour
 + Level 4.2 Shields


You had 5 spell levels left.
You didn't know any spells.

Dungeon Overview and Level Annotations

Branches:
Dungeon (3/15)

Altars:

Annotations:
D:3 BrokenGlass's ghost, amateur OpAs


Innate Abilities, Weirdness & Mutations

You are small and have problems with some larger weapons.
You are somewhat resistant to further mutation.


Message History

You feel very mighty all of a sudden.
BrokenGlass's ghost hits you but does no damage.
You hit BrokenGlass's ghost.
BrokenGlass's ghost is lightly damaged.
For a moment, you lose track of BrokenGlass's ghost.
BrokenGlass's ghost hits you but does no damage.
You barely miss BrokenGlass's ghost.
BrokenGlass's ghost is lightly damaged.
BrokenGlass's ghost barely misses you.
You miss BrokenGlass's ghost.
BrokenGlass's ghost is lightly damaged.
You block BrokenGlass's ghost's attack.
You barely miss BrokenGlass's ghost.
BrokenGlass's ghost is lightly damaged.
BrokenGlass's ghost hits you but does no damage.
You are electrocuted!
You closely miss BrokenGlass's ghost.
BrokenGlass's ghost is lightly damaged.
BrokenGlass's ghost hits you.
You are electrocuted!
You die...

..[......# ###......####
###......###............
#....>.)..........######
#......##...............
#......##..........#### ###
#......##..........# # ...
###......##..#.......# .#######
.........###.#####K#.####%.......
................@Wl..............
......)..###.#####b#............#
......#.## #......#....####..
......#.# #...$..(......#<..
######.....) #......#....#.#...
...... ########....# #... ......
....# ###. #.#### ....# .... .#
....# ###.


You could see BrokenGlass's ghost, a bat, a kobold and a frilled lizard.

Vanquished Creatures
  Grinder (D:3)
  2 adders
  An ooze (D:2)
  2 worms (D:2)
  3 dart slugs
  2 orcs (D:3)
  A ball python (D:1)
  2 giant cockroaches (D:3)
  6 goblins
  5 hobgoblins (D:1)
  A quokka (D:3)
  3 bats
  7 frilled lizards
  2 kobolds (D:3)
  A rat (D:2)
39 creatures vanquished.

Notes
Turn   | Place    | Note
-------+----------+-------------------------------------------
     0 | D:1      | Oravi the Halfling Fighter began the quest for the Orb.
     0 | D:1      | Reached XP level 1. HP: 15/15 MP: 1/1
   240 | D:1      | Reached XP level 2. HP: 20/20 MP: 2/2
   677 | D:2      | Reached skill level 3 in Short Blades
   697 | D:2      | Reached XP level 3. HP: 22/25 MP: 3/3
  1101 | D:2      | Reached XP level 4. HP: 17/30 MP: 4/4
  1448 | D:3      | Reached skill level 4 in Short Blades
  1506 | D:3      | Noticed Grinder
  1540 | D:3      | Killed Grinder
  1540 | D:3      | Reached skill level 6 in Short Blades
  1540 | D:3      | Reached XP level 5. HP: 18/36 MP: 5/5
  1540 | D:3      | Reached XP level 6. HP: 21/42 MP: 6/6
  1803 | D:3      | Noticed BrokenGlass's ghost (amateur OpAs)
  1818 | D:3      | Slain by BrokenGlass's ghost

Skill      XL: |  1  2  3  4 |
---------------+-------------+-----
Short Blades   | 3 6 |  6.1
Fighting       | 3 |  3.2
Armour         | 4 |  4.0
Shields        | 4 |  4.2

Action                   |  1- 3 |  4- 6 || total
-------------------------+-------+-------++-------
Melee: Rapier            |    96 |    42 ||   138
  Use: Potion            |       |     7 ||     7
  Eat: Chunk             |     1 |     2 ||     3
Armor: Scale mail        |    20 |    11 ||    31
       Skin              |       |     2 ||     2
Dodge: Dodged            |    31 |     6 ||    37
Block: Shield            |    37 |    21 ||    58
